 Dungeon Crawl Stone Soup version 0.28.0-45-g0d030f2227 (webtiles) character file.

Game seed: 12808263442998365511

9 Kenran the Sneak (level 2, 0/25 HPs)
             Began as a Palentonga Delver on Apr 24, 2022.
             Slain by Edmund
             ... wielding a +2 flail of protection
              (6 damage)
             ... on level 4 of the Dungeon.
             The game lasted 00:01:27 (314 turns).

Kenran the Sneak (Palentonga Delver)                 Turns: 314, Time: 00:01:28

Health: 0/25       AC:  4    Str: 15    XL:     2   Next: 3%
Magic:  2/2        EV:  9    Int: 10    God:
Gold:   24         SH:  0    Dex: 11    Spells: 1/1 levels left

rFire   . . .      SeeInvis +     - Unarmed
rCold   . . .      Faith    .   (no shield)
rNeg    . . .      Spirit   .   a - +0 leather armour
rPois   .          Reflect  .   (no helmet)
rElec   .          Harm     .   (no cloak)
rCorr   .          Rampage  .   (no gloves)
Will    .....                   (no barding)
Stlth   ++........              (no amulet)
HPRegen 0.08/turn               (no ring)
MPRegen 0.08/turn               (no ring)

@: hasted, very quick
A: large, rugged brown scales 3, see invisible, deformed body, roll 1, armoured
tail
a: Rolling Charge


You were on level 4 of the Dungeon.
You visited 1 branch of the dungeon, and saw 2 of its levels.

You collected 24 gold pieces.

Inventory:

Armour
 a - a +0 leather armour (worn)
Wands
 f - a wand of digging (3)
Scrolls
 b - a scroll of fog
 c - a scroll of magic mapping


   Skills:
 + Level 3.1 Fighting
 + Level 1.7 Dodging
 + Level 3.4 Stealth
 * Level 2.3 Unarmed Combat


You had one spell level left.
You didn't know any spells.
Your spell library contained the following spells:

 Spells                   Type           Power      Damage    Failure   Level
 Static Discharge         Conj/Air       0%         N/A       56%         2
 Dispel Undead            Necr           0%         3d6       99%         4
 Sticky Flame             Conj/Fire      0%         2d3       99%         4


Dungeon Overview and Level Annotations

Branches:
Dungeon (5/15)
 Temple: D:4-7

Altars:

Shops:
D:5 *

Annotations:
D:4 Edmund
D:5 exclusion: upstairs


Innate Abilities, Weirdness & Mutations

You are completely covered in rugged brown scales. (AC +3, +7% HP)
You have supernaturally acute eyesight. (SInv)
Armour fits poorly on your strangely shaped body.
You can roll at nearby foes to attack.
You have a long armoured tail.


Message History

You see here an adder corpse.
Found a stone staircase leading up.
Found a book of Touch.
You pick up a book of Touch and begin reading...
You add the spells Static Discharge, Sticky Flame and Dispel Undead to your library.
A black bear comes into view.
A black bear is nearby!
There is a stone staircase leading up here.
You climb upwards.
Found 7 gold pieces.
There is a stone staircase leading down here.
You feel yourself speed up.
Edmund hits you with a +2 flail of protection.
You completely miss Edmund. You hit Edmund but do no damage.
Edmund hits you with a +2 flail of protection!
As you read the scroll of fear, it crumbles to dust.
You assume a fearsome visage.
Edmund looks frightened!
You hit Edmund but do no damage.
Your attack snaps Edmund out of his fear.
Your tail-slap misses Edmund.
Edmund hits you with a +2 flail of protection.
You are too injured to fight recklessly!
You barely miss Edmund. You hit Edmund.
Edmund is lightly wounded.
Edmund hits you with a +2 flail of protection.
* * * LOW HITPOINT WARNING * * *
You hit Edmund but do no damage.
Edmund is lightly wounded.
Edmund closely misses you.
You hit Edmund but do no damage.
Edmund is lightly wounded.
You barely miss Edmund.
Edmund is lightly wounded.
Edmund hits you but does no damage.
You hit Edmund but do no damage. You punch Edmund, but do no damage.
Edmund is lightly wounded.
Edmund hits you with a +2 flail of protection.
You die...

###########
#...>$....#
#.........#
#...@.....#
#...@.....#
##.######.#
#. .. #. .
#. .##. #>.
....## ##..
.


You could see Edmund.

Vanquished Creatures
  An adder (D:5)
1 creature vanquished.

Notes
Turn   | Place    | Note
-------+----------+-------------------------------------------
     0 | D:5      | Kenran the Palentonga Delver began the quest for the Orb.
     0 | D:5      | Reached XP level 1. HP: 19/19 MP: 1/1
     0 | D:5      | Found Botaag's Gadget Gallery.
    96 | D:5      | Reached XP level 2. HP: 12/25 MP: 2/2
   290 | D:5      | Noticed a black bear
   301 | D:4      | Noticed Edmund
   314 | D:4      | Slain by Edmund

Illustrated notes

Levels and vault maps discovered:
D:4:      layout_rooms, minmay_temple_entry_ruins, uniq_grinder,
          uniq_blork_the_orc, uniq_ijyb, uniq_edmund
D:5:      layout_basic, old_standard_altar, nicolae_shop_gadgets

Action                   || total
-------------------------++-------
Melee: Unarmed           ||    23
       Punch             ||     1
  Use: Scroll            ||     1
       Potion            ||     1
Armor: Leather armour    ||     5
Dodge: Dodged            ||    10
